 Dungeon Crawl Stone Soup version 0.28-a0-1616-g050a50673c (webtiles) character file.

Game seed: 12177608105867820152

112 issech the Cudgeller (level 4, 0/45 HPs)
             Began as a Troll Berserker on Jan 22, 2022.
             Was a Believer of Trog.
             Slain by a gnoll (5 damage)
             ... on level 2 of the Dungeon.
             The game lasted 00:05:23 (1369 turns).

issech the Cudgeller (Troll Berserker)              Turns: 1369, Time: 00:05:24

Health: 0/45       AC:  4    Str: 25    XL:     4   Next: 63%
Magic:  3/3        EV: 10    Int:  3    God:    Trog [**....]
Gold:   49         SH:  0    Dex: 11    Spells: 3/3 levels left

rFire   . . .      SeeInvis .   a - +0 mace
rCold   . . .      Faith    .   (no shield)
rNeg    . . .      Spirit   .   b - +0 animal skin
rPois   .          Reflect  .   (helmet restricted)
rElec   .          Harm     .   (no cloak)
rCorr   .          Rampage  .   (gloves unavailable)
Will    +....                   (boots unavailable)
Stlth   +.........              (no amulet)
HPRegen 0.95/turn               j - ring of willpower
MPRegen 0.08/turn               (no ring)

@: no status effects
A: large, unfitting armour, claws 3, regeneration 1, shaggy fur 1, tough skin 1
a: Renounce Religion, Berserk, Trog's Hand


You were on level 2 of the Dungeon.
You worshipped Trog.
Trog was pleased with you.
You visited 1 branch of the dungeon, and saw 2 of its levels.

You collected 49 gold pieces.

Inventory:

Hand Weapons
 a - a +0 mace (weapon)
 m - a +0 halberd
Missiles
 c - 71 stones
 d - 37 arrows
 e - 2 boomerangs (quivered)
 i - 37 sling bullets
Armour
 b - a +0 animal skin (worn)
Jewellery
 j - a ring of willpower (left claw)
Scrolls
 g - a scroll of fear {unknown}
 k - 2 scrolls of identify {unknown}
 l - a scroll of teleportation {unknown}
Potions
 f - 3 potions of curing {unknown}
 h - 2 potions of flight {unknown}


   Skills:
 + Level 3.1 Fighting
 + Level 3.7 Maces & Flails
 + Level 3.2 Dodging


You had 3 spell levels left.
You didn't know any spells.
Your spell library was empty.

Dungeon Overview and Level Annotations

Branches:
Dungeon (2/15)

Altars:
Xom


Innate Abilities, Weirdness & Mutations

You are too large for most types of armour.
You have claws for hands.
Your natural rate of healing is unusually fast.
You are covered in fur. (AC +1)
You have tough skin. (AC +1)


Message History

A giant cockroach comes into view.
There is a stone staircase leading down here.
The giant cockroach bites you but does no damage.
The giant cockroach barely misses you.
You closely miss the giant cockroach. The giant cockroach bites you.
You hit the giant cockroach.
You kill the giant cockroach!
Trog accepts your kill.
There is a stone staircase leading down here.
You see here a giant cockroach corpse.
A gnoll is nearby!
The gnoll hits you from afar with a +0 spear.
The gnoll hits you with a +0 spear. The gnoll hits you with a +0 spear!
You barely miss the gnoll. The gnoll hits you with a +0 spear.
You barely miss the gnoll. The gnoll hits you with a +0 spear.
You sock the gnoll!
The gnoll is heavily wounded.
The gnoll hits you with a +0 spear! The gnoll hits you with a +0 spear.
You closely miss the gnoll.
The gnoll is heavily wounded.
The gnoll hits you with a +0 spear.
* * * LOW HITPOINT WARNING * * *
You closely miss the gnoll.
The gnoll is heavily wounded.
The gnoll barely misses you.
You closely miss the gnoll.
The gnoll is heavily wounded.
The gnoll barely misses you.
You hit the gnoll.
The gnoll is severely wounded.
The gnoll hits you with a +0 spear.
* * * LOW HITPOINT WARNING * * *
The gnoll hits you with a +0 spear.
* * * LOW HITPOINT WARNING * * *
The gnoll closely misses you.
The gnoll hits you from afar with a +0 spear.
* * * LOW HITPOINT WARNING * * *
The gnoll hits you from afar with a +0 spear.
You die...

##.# #.#... #.#..#
#.#..# #### #.#..#
#... ###.#..#######
#... #.....>.......
+... #......#######
#...
#...@..###########...
#...............##...
#.....g########.##...
###.#.......<........
#.#.####..........#
#.#.. +.....)....#
#.#### #..........#
#. +.........)† ##
#..........#


You could see a gnoll.

Vanquished Creatures
  Jessica (D:2)
  3 gnolls
  2 dart slugs (D:1)
  5 ball pythons
  3 bats (D:1)
  3 endoplasms
  A giant cockroach (D:2)
  8 goblins
  5 hobgoblins
  7 jackals (D:1)
  5 kobolds
  2 frilled lizards (D:1)
  2 rats
47 creatures vanquished.

Notes
Turn   | Place    | Note
-------+----------+-------------------------------------------
     0 | D:1      | issech the Troll Berserker began the quest for the Orb.
     0 | D:1      | Reached XP level 1. HP: 22/22 MP: 0/0
     2 | D:1      | Noticed a minotaur
     2 | D:1      | Noticed a naga
     4 | D:1      | Noticed an ogre
     4 | D:1      | Noticed a ghoul
     6 | D:1      | Noticed a demonspawn
     8 | D:1      | Noticed a dwarf
     8 | D:1      | Noticed a troll
    12 | D:1      | Noticed an elf
    14 | D:1      | Noticed a formicid
    14 | D:1      | Noticed a human
    16 | D:1      | Noticed a vampire
    16 | D:1      | Noticed a tengu
    18 | D:1      | Noticed a vine stalker
    18 | D:1      | Noticed a demigod
    20 | D:1      | Noticed a gargoyle
    20 | D:1      | Noticed a felid
    22 | D:1      | Noticed a spriggan
    22 | D:1      | Noticed an octopode
    24 | D:1      | Noticed a draconian
    26 | D:1      | Noticed a merfolk
    40 | D:1      | HP: 1/22 [gnoll (6)]
    68 | D:1      | Reached XP level 2. HP: 8/29 MP: 1/1
   260 | D:1      | Reached XP level 3. HP: 36/36 MP: 2/2
   543 | D:1      | Reached ** piety under Trog
   580 | D:1      | Found a shimmering altar of Xom.
  1127 | D:2      | Noticed Jessica
  1136 | D:2      | Killed Jessica
  1137 | D:2      | Reached XP level 4. HP: 34/45 MP: 3/3
  1369 | D:2      | Slain by a gnoll

Illustrated notes

Levels and vault maps discovered:
D:1:      kb_arrival_jail, layout_basic, serial_curves, eino_curves_04,
          eino_curves_03, minmay_stone_trees_small, fountainhead,
          minmay_hexomino_r4
D:2:      layout_basic, uniq_jessica

Skill      XL: |  1  2  3 |
---------------+----------+-----
Maces & Flails | 3 |  3.7
Dodging        | 3 |  3.2
Fighting       | 3 |  3.1

Action                   |  1- 3 |  4- 6 || total
-------------------------+-------+-------++-------
Melee: Mace              |   124 |    39 ||   163
Armor: Animal skin       |    82 |    15 ||    97
Dodge: Dodged            |   105 |    42 ||   147

Table legend: (Time is in decaauts)
 A = Elapsed time spent in this place.
 B = Non-inter-level travel time spent in this place.
 C = Inter-level travel time spent in this place.
 D = Time resting spent in this place.
 E = Time spent auto-exploring this place.
 F = Levels seen in this place.
 G = Mean time per level.
                   A        B        C        D        E       F      G
               +--------+--------+--------+--------+--------+-----+--------+
         Total |   1410 |   1410 |      0 |     16 |    704 |   2 |  705.0 |
       Dungeon |   1410 |   1410 |      0 |     16 |    704 |   2 |  705.0 |
               +--------+--------+--------+--------+--------+-----+--------+

Top non-repeatable levels by time:
     D:1: 998 daAuts
     D:2: 412 daAuts
